AoeStats
← koruyucu1973

Marketplace

504597233Analyzed
1v1 RM · 26d ago on Sep 5, 2026· 71m 22s· 2 players
Game mode
Random Map
Map size
Tiny (2 player)
Population
200
Speed
Normal
Resources
Standard
Victory
Conquest
Starting age
Dark Age
Ending age
Imperial Age
RankedLock teamsTeams togetherTeam positionsShared explorationLock speedFull tech treeHidden civsTurbo modeCheats
Victory
Defeat
🇪🇸 Huns · Spain
243
+19
🇹🇷 Malay · Türkiye
315
-19
Changuizábal
3:28 Loom
16:02 Feudal Age
16:31 Double-Bit Axe
17:15 Town Watch
18:54 Horse Collar
20:52 Wheelbarrow
25:55 Castle Age
23:43 Man-at-Arms
24:37 Fletching
25:48 Forging
25:39 Padded Archer Armor
25:41 Scale Mail Armor
25:51 Scale Barding Armor
28:00 Town Patrol
27:32 Long Swordsman
30:00 Bodkin Arrow
29:32 Pikeman
31:48 Bow Saw
32:33 Fervor
34:11 Caravan
34:49 Iron Casting
34:36 Chain Barding Armor
33:42 Light Cavalry
35:48 Hand Cart
35:48 Gold Mining
35:55 Stone Mining
36:52 Bloodlines
41:02 Imperial Age
39:35 Gold Shaft Mining
39:17 Leather Archer Armor
39:18 Chain Mail Armor
39:20 Thumb Ring
39:19 Husbandry
39:24 Squires
39:11 Arson
44:47 Sanctity
44:53 Illumination
44:28 Devotion
44:29 Atonement
45:52 Two-Man Saw
44:59 Heavy Plow
45:03 Bracer
46:20 Blast Furnace
44:48 Elite Skirmisher
46:08 Parthian Tactics
46:39 Guilds
47:47 Plate Barding Armor
47:35 Ballistics
47:11 Murder Holes
48:41 Chemistry
49:10 Conscription
48:47 Two-Handed Swordsman
48:48 Halberdier
49:13 Hussar
52:43 Cavalier
55:41 Paladin
58:25 Atheism
57:55 Paladin
58:07 Heavy Cavalry Archer
69:05 Spies/Treason
koruyucu1973
12:54 Feudal Age
15:08 Double-Bit Axe
19:59 Horse Collar
34:44 Castle Age
35:49 Husbandry
35:10 Light Cavalry
38:31 Caravan
39:04 Coinage
41:08 Heavy Plow
42:44 Stone Mining
50:07 Padded Archer Armor
49:58 Fletching
50:15 Scale Barding Armor
50:22 Forging
53:54 Leather Archer Armor
53:35 Bodkin Arrow
61:14 Town Watch
62:05 Wheelbarrow
61:16 Loom
Connection lost

Rejoining the realm…

Still unreachable

The connection could not be restored.

Session expired

The server has moved on; the page needs a fresh start.